Map: Lerilak Crest

Players

iAMtheSWARM - Winner!

  • Race: Zerg Zerg
  • League: Platinum

LilDicky

  • Race: Terran Terran
  • League: Diamond

VOD

http://www.twitch.tv/tumescentpie

Description

Time

  • Played on: Dec. 25, 2015, 7:59 p.m.
  • Length: 3:18
Show
View Real Time Build Order
Export as new Build Order

iAMtheSWARM Zerg - Winner!

Build Orders: Pool Only 

Get SALT Encoding   

  12  0:01  Drone  
  13  0:12  Drone  
  14  0:22  Drone, Extractor  
  14  0:35  Spawning Pool  
  13  0:37  Drone  
  14  0:51  Overlord  
  14  1:10  Drone  
  15  1:22  Zergling x6  
  15  1:25  Metabolic Boost  
  18  1:29  Queen  
  20  1:33  Zergling x2  
  21  1:44  Overlord  
  21  1:57  Baneling Nest, Zergling x2  
  21  2:10  Zergling x2  
  22  2:34  Drone x2  
  24  2:49  Zergling x4  
  24  2:50  Zergling x2  
Show
View Real Time Build Order
Export as new Build Order

LilDicky Terran 

Build Orders:  

Get SALT Encoding   

  12  0:01  SCV  
  13  0:13  SCV  
  14  0:17  Supply Depot  
  14  0:26  SCV  
  15  0:39  SCV  
  15  0:41  Barracks  
  16  0:51  SCV  
  17  1:03  SCV  
  18  1:15  SCV  
  19  1:28  Marine  
  19  1:30  Supply Depot  
  19  1:32  Orbital Command  
  20  1:40  Command Center  
  20  1:47  Marine  
  21  1:54  Refinery  
  21  1:56  Refinery  
  21  1:58  SCV  
  22  2:05  Marine  
  23  2:10  SCV  
  24  2:23  Marine  
  25  2:35  SCV  
  26  2:45  Command Center  
  26  2:47  Factory  
  25  2:52  Barracks Reactor  
Tags
 
Add a new tag
Caveats
  • Supply blocks, unpowered buildings, or Contaminate may cause inaccurate times.
  • Supply counts are checked every 10 seconds.